APP
SEATTLE (APP) MARINERS @ BALTIMORE (APP) ORIOLES
09/27/2049
 
TOP OF THE 1ST
Seattle (APP) Mariners batting - Pitching for Baltimore (APP) Orioles : RHP Bruce Yeager
Pitching: RHP Bruce Yeager
Batting: RHB Carlton McDonald 0-0: Ball
1-0: Ball
2-0: Ball
3-0: Called Strike
3-1: Base on Balls
Batting: RHB Caleb Dean 0-0: Ball
1-0: Called Strike
1-1: Foul Ball, location: 2F
1-2: Strikes out looking
Batting: LHB William Gonzales 0-0: Swinging Strike
0-1: Fielders Choice at 2nd, 5-4 (Groundball, 5, EV 103.1 MPH)
Batting: RHB Rich Griffith 0-0: Ball
1-0: Ball
2-0: Ball
3-0: Called Strike
3-1: Called Strike
3-2: Ground out 5-3 (Groundball, 56, EV 106.2 MPH)
Top of the 1st over - 0 runs, 0 hits, 0 errors, 1 left on base; Seattle (APP) 0 - Baltimore (APP) 0
BOTTOM OF THE 1ST
Baltimore (APP) Orioles batting - Pitching for Seattle (APP) Mariners : LHP Ramiro Aguilar
Pitching: LHP Ramiro Aguilar
Batting: RHB Mike Trueblood 0-0: Ball
1-0: Ball
2-0: Swinging Strike
2-1: Swinging Strike
2-2: Ground out 4-3 (Groundball, 4S, EV 86.2 MPH)
Batting: LHB Ivan Alvarez 0-0: Called Strike
0-1: SINGLE (Groundball, 34D, EV 96.2 MPH)
Batting: LHB Chris Cohen 0-0: Ball
1-0: Foul Ball, location: 2F
1-1: Swinging Strike
1-2: Foul Ball, location: 2F
1-2: Ball
2-2: Ball
3-2: Ground out 5-3 (Groundball, 56S, EV 66.2 MPH)
Ivan Alvarez to second
Batting: LHB Bryan Davidson 0-0: Called Strike
0-1: Ball
1-1: Swinging Strike
1-2: Ball
2-2: Ball
3-2: Base on Balls
Batting: RHB Imbart van Rens 0-0: DOUBLE (Flyball, 89XD, EV 105.6 MPH)
Ivan Alvarez scores
Bryan Davidson to third
Runner from 3rd tries for Home, SAFE, throw by CF to trailing runner, SAFE at third!
Batting: LHB Robert Ortiz 0-0: Called Strike
0-1: Swinging Strike
0-2: SINGLE (Groundball, 56D, EV 96.9 MPH)
Imbart van Rens scores
Batting: RHB Eddie Morin 0-0: Called Strike
0-1: Ball
1-1: Called Strike
1-2: Ball
2-2: Ball
3-2: Foul Ball, location: 2F
3-2: Foul Ball, location: 2F
3-2: SINGLE (Groundball, P, EV 76.2 MPH) (infield hit)
Robert Ortiz to second
Batting: RHB Matt Wallace 0-0: SINGLE (Line Drive, 8RS, EV 90.6 MPH)
Robert Ortiz to third
Eddie Morin to second
Runner from 3rd tries for Home, throw by CF and OUT! 8-2
Bottom of the 1st over - 3 runs, 5 hits, 0 errors, 2 left on base; Seattle (APP) 0 - Baltimore (APP) 3
TOP OF THE 2ND
Seattle (APP) Mariners batting - Pitching for Baltimore (APP) Orioles : RHP Bruce Yeager
Batting: RHB Eddie Luna 0-0: Ball
1-0: Ball
2-0: Ground out 4-3 (Groundball, 4M, EV 105.0 MPH)
Batting: RHB Joaquin Salazar 0-0: Called Strike
0-1: Ball
1-1: Ground out 5-3 (Groundball, 56S, EV 68.8 MPH)
Batting: RHB Ziven Badersky 0-0: Ball
1-0: DOUBLE (Flyball, 89D, EV 100.0 MPH)
Batting: RHB Steve Carmichael 0-0: Called Strike
0-1: Foul Ball, location: 2F
0-2: Ball
1-2: Ball
2-2: Ball
3-2: Base on Balls
Batting: RHB Tristan Martin 0-0: Called Strike
0-1: Ball
1-1: Foul Ball, location: 2F
1-2: Fly out, F8 (Flyball, 8RXD, EV 98.8 MPH)
Top of the 2nd over - 0 runs, 1 hit, 0 errors, 2 left on base; Seattle (APP) 0 - Baltimore (APP) 3
BOTTOM OF THE 2ND
Baltimore (APP) Orioles batting - Pitching for Seattle (APP) Mariners : LHP Ramiro Aguilar
Batting: RHB Adam Beal 0-0: Ball
1-0: Called Strike
1-1: Ball
2-1: Ball
3-1: Base on Balls
Batting: RHB Mike Trueblood 0-0: Ball
1-0: Fielders Choice at 2nd, 1-4 (Groundball, 15, EV 73.1 MPH)
Batting: LHB Ivan Alvarez 0-0: Fielders Choice at 2nd, 4-6 (Groundball, 4, EV 83.8 MPH)
Batting: LHB Chris Cohen 0-0: Ball
1-0: Swinging Strike
1-1: Ball
2-1: Called Strike
2-2: Ball
3-2: Strikes out swinging
Bottom of the 2nd over - 0 runs, 0 hits, 0 errors, 1 left on base; Seattle (APP) 0 - Baltimore (APP) 3
TOP OF THE 3RD
Seattle (APP) Mariners batting - Pitching for Baltimore (APP) Orioles : RHP Bruce Yeager
Batting: RHB Carlton McDonald 0-0: Ball
1-0: Called Strike
1-1: Foul Ball, location: 2F
1-2: Foul Ball, location: 2F
1-2: Ball
2-2: Foul Ball, location: 2F
2-2: Foul Ball, location: 2F
2-2: Ball
3-2: Foul Ball, location: 2F
3-2: Ground out 4-3 (Groundball, 4, EV 87.5 MPH)
Batting: RHB Caleb Dean 0-0: Called Strike
0-1: Ball
1-1: Swinging Strike
1-2: Strikes out swinging
Batting: LHB William Gonzales 0-0: Foul Ball, location: 2F
0-1: Called Strike
0-2: Foul Ball, location: 2F
0-2: Strikes out swinging
Top of the 3rd over - 0 runs, 0 hits, 0 errors, 0 left on base; Seattle (APP) 0 - Baltimore (APP) 3
BOTTOM OF THE 3RD
Baltimore (APP) Orioles batting - Pitching for Seattle (APP) Mariners : LHP Ramiro Aguilar
Batting: LHB Bryan Davidson 0-0: Ball
1-0: Foul Ball, location: 2F
1-1: Swinging Strike
1-2: Ground out 4-3 (Groundball, 13, EV 85.0 MPH)
Batting: RHB Imbart van Rens 0-0: Ground out 4-3 (Groundball, 4, EV 105.6 MPH)
Batting: LHB Robert Ortiz 0-0: Foul Ball, location: 2F
0-1: Foul Ball, location: 2F
0-2: Ball
1-2: Foul Ball, location: 2F
1-2: Ball
2-2: Ball
3-2: Fly out, F9 (Line Drive, 9, EV 85.0 MPH)
Bottom of the 3rd over - 0 runs, 0 hits, 0 errors, 0 left on base; Seattle (APP) 0 - Baltimore (APP) 3
TOP OF THE 4TH
Seattle (APP) Mariners batting - Pitching for Baltimore (APP) Orioles : RHP Bruce Yeager
Batting: RHB Rich Griffith 0-0: Foul Ball, location: 2F
0-1: Ball
1-1: Swinging Strike
1-2: Ball
2-2: Ball
3-2: SINGLE (Groundball, 56D, EV 106.2 MPH)
Batting: RHB Eddie Luna 0-0: Ball
1-0: Swinging Strike
1-1: Ball
2-1: Foul Ball, location: 2F
2-2: Strikes out swinging
Batting: RHB Joaquin Salazar 0-0: Ball
1-0: Swinging Strike
1-1: Foul Ball, location: 2F
1-2: Strikes out swinging
Batting: RHB Ziven Badersky 0-0: Called Strike
Rich Griffith steals 2nd base (no throw)
0-1: Ground out 5-3 (Groundball, 56, EV 83.1 MPH)
Top of the 4th over - 0 runs, 1 hit, 0 errors, 1 left on base; Seattle (APP) 0 - Baltimore (APP) 3
BOTTOM OF THE 4TH
Baltimore (APP) Orioles batting - Pitching for Seattle (APP) Mariners : LHP Ramiro Aguilar
Batting: RHB Eddie Morin 0-0: Called Strike
0-1: Foul Ball, location: 2F
0-2: Ball
1-2: Ball
2-2: Strikes out looking
Batting: RHB Matt Wallace 0-0: Swinging Strike
0-1: Ball
1-1: Foul Ball, location: 2F
1-2: Strikes out swinging
Batting: RHB Adam Beal 0-0: Ball
1-0: Ball
2-0: Called Strike
2-1: Called Strike
2-2: Ball
3-2: Base on Balls
Batting: RHB Mike Trueblood 0-0: Foul Ball, location: 2F
0-1: SINGLE (Flyball, 8RS, EV 101.2 MPH)
Adam Beal to second
Batting: LHB Ivan Alvarez 0-0: Ball
1-0: Ball
Wild Pitch!
Adam Beal to third
Mike Trueblood to second
2-0: Foul Ball, location: 2F
2-1: Ball
3-1: Ground out 4-3 (Groundball, 4, EV 105.6 MPH)
Bottom of the 4th over - 0 runs, 1 hit, 0 errors, 2 left on base; Seattle (APP) 0 - Baltimore (APP) 3
TOP OF THE 5TH
Seattle (APP) Mariners batting - Pitching for Baltimore (APP) Orioles : RHP Bruce Yeager
Batting: RHB Steve Carmichael 0-0: Ball
1-0: Fly out, F9 (Flyball, 9LSF, EV 91.9 MPH)
Batting: RHB Tristan Martin 0-0: Swinging Strike
0-1: Foul Ball, location: 2F
0-2: Strikes out swinging
Batting: RHB Carlton McDonald 0-0: Swinging Strike
0-1: Ball
1-1: Foul Ball, location: 2F
1-2: Fly out, F9 (Flyball, 8RS, EV 91.2 MPH)
Top of the 5th over - 0 runs, 0 hits, 0 errors, 0 left on base; Seattle (APP) 0 - Baltimore (APP) 3
BOTTOM OF THE 5TH
Baltimore (APP) Orioles batting - Pitching for Seattle (APP) Mariners : LHP Ramiro Aguilar
Pitching: RHP Jayden Ross
Batting: LHB Chris Cohen 0-0: Foul Ball, location: 2F
0-1: Ball
1-1: Foul Ball, location: 2F
1-2: Foul Ball, location: 2F
1-2: Strikes out swinging
Batting: LHB Bryan Davidson 0-0: Foul Ball, location: 2F
0-1: Ball
1-1: Ball
2-1: Ball
3-1: Base on Balls
Batting: RHB Imbart van Rens 0-0: Ball
1-0: TRIPLE (Groundball, 3L, EV 105.0 MPH)
Bryan Davidson scores
Batting: LHB Robert Ortiz 0-0: Ball
1-0: Swinging Strike
1-1: Fly out, F4 (Line Drive, 4, EV 72.5 MPH)
Batting: RHB Eddie Morin 0-0: Swinging Strike
0-1: Ball
1-1: Ball
2-1: Ball
3-1: Ground out U3 (Groundball, 3S, EV 70.0 MPH)
Bottom of the 5th over - 1 run, 1 hit, 0 errors, 1 left on base; Seattle (APP) 0 - Baltimore (APP) 4
TOP OF THE 6TH
Seattle (APP) Mariners batting - Pitching for Baltimore (APP) Orioles : RHP Bruce Yeager
Batting: RHB Caleb Dean 0-0: Swinging Strike
0-1: Foul Ball, location: 2F
0-2: Ball
1-2: Ground out 6-3 (Groundball, 56D, EV 101.2 MPH)
Pitching: LHP Chris Hoebing
Batting: LHB William Gonzales 0-0: Ball
1-0: Ball
2-0: Foul Ball, location: 2F
2-1: SINGLE (Line Drive, 78S, EV 100.6 MPH)
Batting: RHB Rich Griffith 0-0: Ball
1-0: Ball
2-0: Ball
3-0: Called Strike
3-1: Foul Ball, location: 2F
3-2: Strikes out looking
Batting: RHB Eddie Luna 0-0: Ball
1-0: Foul Ball, location: 2F
1-1: Ball
2-1: Ball
3-1: Base on Balls
William Gonzales to second
Batting: RHB Joaquin Salazar 0-0: Ball
1-0: Fielders Choice at 2nd, 5-4 (Groundball, 56, EV 104.4 MPH)
Top of the 6th over - 0 runs, 1 hit, 0 errors, 2 left on base; Seattle (APP) 0 - Baltimore (APP) 4
BOTTOM OF THE 6TH
Baltimore (APP) Orioles batting - Pitching for Seattle (APP) Mariners : RHP Jayden Ross
Batting: RHB Matt Wallace 0-0: Ball
1-0: Ball
2-0: Called Strike
2-1: Foul Ball, location: 2F
2-2: Ball
3-2: Ground out 6-3 (Groundball, 6, EV 113.8 MPH)
Batting: RHB Adam Beal 0-0: Ball
1-0: Swinging Strike
1-1: Ball
2-1: Ball
3-1: Foul Ball, location: 2F
3-2: Base on Balls
Batting: RHB Mike Trueblood 0-0: Ball
1-0: Ball
2-0: Ball
3-0: Called Strike
3-1: Fielders Choice at 2nd, 5-4 (Groundball, 5S, EV 82.5 MPH)
Pitching: RHP Domingo Maldonado
Batting: LHB Ivan Alvarez 0-0: Swinging Strike
0-1: Ball
1-1: Ball
Mike Trueblood is caught stealing 2nd base 2-6
Bottom of the 6th over - 0 runs, 0 hits, 0 errors, 0 left on base; Seattle (APP) 0 - Baltimore (APP) 4
TOP OF THE 7TH
Seattle (APP) Mariners batting - Pitching for Baltimore (APP) Orioles : LHP Chris Hoebing
Batting: RHB Ziven Badersky 0-0: Ball
1-0: Called Strike
1-1: Called Strike
1-2: Strikes out looking
Batting: RHB Steve Carmichael 0-0: Ball
1-0: Called Strike
1-1: Ball
2-1: Foul Ball, location: 2F
2-2: Fly out, F8 (Flyball, 8RD, EV 90.0 MPH)
Batting: RHB Tristan Martin 0-0: Called Strike
0-1: Swinging Strike
0-2: Foul Ball, location: 2F
0-2: Ball
1-2: Strikes out swinging
Top of the 7th over - 0 runs, 0 hits, 0 errors, 0 left on base; Seattle (APP) 0 - Baltimore (APP) 4
BOTTOM OF THE 7TH
Baltimore (APP) Orioles batting - Pitching for Seattle (APP) Mariners : RHP Domingo Maldonado
Batting: LHB Ivan Alvarez 0-0: Foul Ball, location: 2F
0-1: Ball
1-1: Foul Ball, location: 2F
1-2: Ball
2-2: Strikes out swinging
Batting: LHB Chris Cohen 0-0: Called Strike
0-1: Called Strike
0-2: Ball
1-2: Ball
2-2: Strikes out swinging
Batting: LHB Bryan Davidson 0-0: Called Strike
0-1: Called Strike
0-2: Strikes out swinging
Bottom of the 7th over - 0 runs, 0 hits, 0 errors, 0 left on base; Seattle (APP) 0 - Baltimore (APP) 4
TOP OF THE 8TH
Seattle (APP) Mariners batting - Pitching for Baltimore (APP) Orioles : LHP Chris Hoebing
Batting: RHB Carlton McDonald 0-0: Foul Ball, location: 2F
0-1: DOUBLE (Line Drive, 78D, EV 105.6 MPH)
Batting: RHB Caleb Dean 0-0: Ball
1-0: Called Strike
1-1: 2-RUN HOME RUN (Flyball, 7D, EV 100.0 MPH), Distance : 412 ft
Batting: LHB William Gonzales 0-0: Ball
1-0: Ball
2-0: Ball
3-0: Base on Balls
Pitching: RHP J.J. Maetzold
Batting: RHB Rich Griffith 0-0: Hit by Pitch
William Gonzales to second
Pinch Runner at 2nd Jwahir Pili:
Batting: RHB Eddie Luna 0-0: Called Strike
0-1: Fielders Choice at 2nd, U6 (Groundball, 4M, EV 82.5 MPH)
Jwahir Pili to third
Pinch Hitting: LHB Yoshihisa Kobayashi 0-0: Ball
1-0: Ball
2-0: Foul Ball, location: 2F
2-1: DOUBLE (Flyball, 8RD, EV 88.8 MPH)
Jwahir Pili scores
Eddie Luna to third
Batting: RHB Ziven Badersky 0-0: Ball
1-0: Ball
2-0: Ball
3-0: Base on Balls
Batting: RHB Steve Carmichael 0-0: Ball
1-0: Called Strike
1-1: Foul Ball, location: 2F
1-2: Strikes out swinging
Pinch Hitting: SHB Carlos Luna 0-0: Ball
1-0: Ball
2-0: Ground out U3 (Groundball, 34, EV 100.0 MPH)
Top of the 8th over - 3 runs, 3 hits, 0 errors, 3 left on base; Seattle (APP) 3 - Baltimore (APP) 4
BOTTOM OF THE 8TH
Baltimore (APP) Orioles batting - Pitching for Seattle (APP) Mariners : RHP Domingo Maldonado
Now at 1B: Carlos Luna
Now in LF: Ryan Daniels
Now in CF: Steve Carmichael
Now in RF: Garrett Dodge
Batting: RHB Imbart van Rens 0-0: Reached on error, E4 (Groundball, 4, EV 103.1 MPH)
Batting: LHB Robert Ortiz 0-0: Called Strike
0-1: Ball
1-1: Ball
2-1: Ground out 4-3 (Groundball, 4, EV 81.2 MPH)
Imbart van Rens to third
Batting: RHB Eddie Morin 0-0: Ball
1-0: Ball
2-0: Ball
3-0: Called Strike
3-1: Called Strike
3-2: Base on Balls
Pinch Hitting: LHB Shane Cruse 0-0: Ball
1-0: Ball
2-0: Called Strike
2-1: Ground out 6-3 (Groundball, 4, EV 85.6 MPH)
Eddie Morin to second
Batting: RHB Adam Beal 0-0: Called Strike
0-1: Swinging Strike
0-2: Ball
1-2: Strikes out swinging
Bottom of the 8th over - 0 runs, 0 hits, 1 error, 2 left on base; Seattle (APP) 3 - Baltimore (APP) 4
TOP OF THE 9TH
Seattle (APP) Mariners batting - Pitching for Baltimore (APP) Orioles : RHP J.J. Maetzold
Pitching: RHP Dave Patenaude
Now at 2B: Pedro Luera
Now at 3B: Dou-wan Pan
Now in CF: Jeff Parlo
Batting: RHB Carlton McDonald 0-0: Foul Ball, location: 2F
0-1: Ball
1-1: Foul Ball, location: 2F
1-2: Ball
2-2: Foul Ball, location: 2F
2-2: Ball
3-2: Ground out 6-3 (Groundball, 6, EV 103.1 MPH)
Batting: RHB Caleb Dean 0-0: Ball
1-0: Called Strike
1-1: Ball
2-1: Foul Ball, location: 2F
2-2: Strikes out swinging
Batting: LHB Ryan Daniels 0-0: Foul Ball, location: 2F
0-1: Ball
1-1: Ball
2-1: Foul Ball, location: 2F
2-2: Strikes out swinging
Top of the 9th over - 0 runs, 0 hits, 0 errors, 0 left on base; Seattle (APP) 3 - Baltimore (APP) 4
Sunday, July 16th , 2023 - OOTP Baseball 24.6 Build 69